 Dungeon Crawl Stone Soup version 0.21-a0-82-gdb84782 (webtiles) character file.

99 Lavandula the Vandal (level 4, -1/32 HPs)
             Began as a Mummy Arcane Marksman on June 24, 2017.
             Slain by an adder (4 damage)
             ... in a sewer.
             The game lasted 00:11:14 (1820 turns).

Lavandula the Vandal (Mummy Arcane Marksman)        Turns: 1820, Time: 00:11:14

Health: -1/32      AC:  5    Str: 13    XL:     4   Next: 45%
Magic:  3/6        EV: 12    Int: 12    God:
Gold:   142        SH:  0    Dex: 13    Spells: 2/5 levels left

rFire    x . .     SeeInvis .   a - +0 hunting sling
rCold    + . .     Gourm    .   (no shield)
rNeg     + + +     Faith    .   i - +0 leather armour
rPois    ∞         Spirit   .   (no helmet)
rElec    .         Reflect  .   (no cloak)
rCorr    .         Harm     .   o - +1 pair of gloves
MR       .....                  (no boots)
Stlth    +.........             (no amulet)
HPRegen  0.10/turn              (no ring)
MPRegen  0.10/turn              (no ring)

@: very slightly contaminated, very slow
A: no food or potions, fire vulnerability, cold resistance 1, negative energy
resistance 3, torment resistance, unbreathing
a: no special abilities


You were in a sewer.
You were not hungry.

You visited 1 branch of the dungeon, and saw 3 of its levels.
You also visited: Sewer.

You collected 142 gold pieces.

Inventory:

Hand Weapons
 a - a +0 hunting sling (weapon)
 n - a +0 dagger
Missiles
 b - 54 stones
 d - 3 sling bullets (quivered)
 l - 8 tomahawks
Armour
 e - a +0 robe
 i - a +0 leather armour (worn)
 o - a +1 pair of gloves (worn)
Scrolls
 g - a scroll of amnesia
 h - 3 scrolls of remove curse
 k - a scroll of immolation
Books
 c - a book of Debilitation

   Spells                             Type                      Level
   a - Corona                         Hexes                        1
   b - Slow                           Hexes                        2
   c - Inner Flame                    Hexes/Fire                   3
   d - Portal Projectile              Hexes/Translocation          3
   e - Cause Fear                     Hexes                        4
   f - Leda's Liquefaction            Hexes/Earth                  4


   Skills:
 - Level 1.0 Fighting
 + Level 3.5 Slings
 - Level 1.6 Dodging
 - Level 1.3 Spellcasting
 - Level 3.1 Hexes


You had 2 spell levels left.
You knew the following spells:

 Your Spells              Type           Power        Failure   Level  Hunger
a - Corona                Hex            #......      11%         1    N/A
b - Slow                  Hex            #.......     16%         2    N/A

Dungeon Overview and Level Annotations

Branches:
Dungeon (3/15)

Altars:

Annotations:
D:3 1 transporter Sewer Purgy


Innate Abilities, Weirdness & Mutations

You do not eat or drink.
Your flesh is vulnerable to fire.
You are immune to poison.
Your flesh is cold resistant. (rC+)
You are immune to negative energy. (rN+++)
You are immune to unholy pain and torment.
You can survive without breathing.


Message History

Casting: Corona
Confirm with . or Enter, or press ? or * to list all spells.
Aiming: Slow
Press: ? - help, Shift-Dir - straight line, f - adder
Aim: an adder (water, chance to defeat MR: 51%)
The adder resists with significant effort.
Casting: Slow
Confirm with . or Enter, or press ? or * to list all spells.
Aiming: Slow
Press: ? - help, Shift-Dir - straight line, f/p - adder
Aim: an adder (water, chance to defeat MR: 51%)
The adder seems to slow down.
The adder closely misses you.
You enter the shallow water.
Moving in this stuff is going to be slow.
The adder barely misses you.
You enter the shallow water.
Moving in this stuff is going to be slow.
The adder closely misses you. The adder bites you.
You die...

#∩≈≈≈≈≈ ##.≈≈≈≈ . #.≈≈≈≈
≈. #.≈≈≈≈ ≈≈. ≈≈≈≈≈≈≈
≈.#. ##≈≈≈≈≈≈≈ ≈≈≈≈.##
#.≈≈≈≈≈≈≈≈ ≈≈≈≈≈≈.###
.≈≈≈≈≈≈≈≈≈ ≈≈≈≈≈≈≈@.#
###≈≈≈≈≈≈≈≈≈≈
≈≈≈≈≈≈≈lS###..≈≈≈≈≈≈≈≈≈≈
≈≈≈≈≈≈≈≈≈≈T≈.≈≈≈≈≈≈≈≈
≈≈≈≈≈≈≈≈≈≈≈≈≈≈≈≈≈≈≈≈≈
≈≈≈≈≈≈≈≈≈≈≈≈≈≈≈≈≈≈≈≈≈
≈≈≈≈≈≈≈≈≈≈≈≈≈≈≈≈≈≈≈≈≈
≈≈≈≈≈≈≈≈≈≈≈≈≈≈≈≈≈≈≈≈≈
#≈≈≈≈≈≈≈≈≈≈≈≈≈≈≈≈≈≈≈≈
#≈#≈≈≈≈≈≈≈≈##≈≈≈≈≈≈≈


You could see Purgy, an adder and a frilled lizard.

Vanquished Creatures
  2 adders
  An ooze (D:1)
  3 worms
  3 dart slugs
  A leopard gecko (D:2)
  A ball python (D:2)
  9 bats
  2 giant cockroaches
  5 goblins
  10 hobgoblins
  5 jackals
  3 kobolds
  6 frilled lizards
  5 rats
56 creatures vanquished.

Notes
Turn   | Place    | Note
-------+----------+-------------------------------------------
     0 | D:1      | Lavandula the Mummy Arcane Marksman began the quest for the Orb.
     0 | D:1      | Reached XP level 1. HP: 15/15 MP: 2/2
   169 | D:1      | Reached XP level 2. HP: 21/21 MP: 4/4
   461 | D:1      | Reached XP level 3. HP: 26/26 MP: 5/5
  1126 | D:2      | Reached XP level 4. HP: 25/32 MP: 4/6
  1620 | D:3      | Learned a level 2 spell: Slow
  1695 | D:3      | Found a transporter.
  1702 | D:3      | Found a glowing drain.
  1758 | Sewer    | Entered a sewer
  1784 | Sewer    | Noticed Purgy
  1810 | Sewer    | HP: 1/32 [adder (5)]
  1820 | Sewer    | Slain by an adder

Vault maps used:
D:1:      nicolae_arrival_washed_ashore
D:3:      gammafunk_steamed_eel, dancing_weapons_uskayaw,
          cheibrodos_sewer_entry_drain, first_bread
Sewer:    sewer_co_purgy_island

Skill      XL: |  1  2  3 |
---------------+----------+-----
Hexes          | 3 |  3.1
Slings         | 2 3 |  3.5
Fighting       | |  1.0
Dodging        | |  1.6
Spellcasting   | |  1.3

Action                   |  1- 3 |  4- 6 || total
-------------------------+-------+-------++-------
 Fire: Hunting sling     |   107 |    94 ||   201
 Cast: Corona            |     2 |    12 ||    14
       Slow              |       |     3 ||     3
  Use: Scroll            |       |     6 ||     6
Armor: Robe              |     5 |       ||     5
       Leather armour    |     3 |    27 ||    30
Dodge: Dodged            |    28 |    55 ||    83
